[Event "Titled Tuesday Blitz May 24 Late 2022"]
[White "Pershin, Denis"]
[Black "Keymer, Vincent"]
[WhiteFideId "24165506"]
[BlackFideId "12940690"]
[WhiteElo "2275"]
[BlackElo "2548"]
[Result "1-0"]
[Round "03"]
[TimeControl "180+1"]
[Date "2022.05.24"]
[WhiteClock "0:00:04"]
[BlackClock "0:00:04"]

1. d4 Nf6 2. Nc3 d5 3. Bf4 c5 4. e3 cxd4 5. exd4 Bg4 6. f3 Bd7 7. Nb5 Bxb5 8. Bxb5+ Nc6 9. c3 e6 10. Qd2 Bd6 11. Ne2 O-O 12. O-O a6 13. Bd3 Re8 14. Rae1 Qc7 15. Bxd6 Qxd6 16. Bc2 b5 17. a3 a5 18. Nf4 b4 19. axb4 axb4 20. Nd3 bxc3 21. bxc3 Qc7 22. Bb1 Na5 23. Ne5 Rec8 24. Re3 Nc4 25. Nxc4 Qxc4 26. f4 g6 27. f5 exf5 28. Bxf5 Rc6 29. Bd3 Ra2 30. Qe1 Qb3 31. Re8+ Kg7 32. Qe7 Qa3 33. Qb7 Qxc3 34. Bb1 Qxd4+ 35. Kh1 Rb2 36. Qxc6 Qd2 37. Qxf6+ Kh6 38. Qf3 Kg7 39. Re2 Qxe2 40. Qxf7+ Kh6 41. Qf4+ Kg7 42. Qf8# 1-0


[Site "https://www.chess.com"]

[Event "Titled Tuesday Blitz May 24 Late 2022"]
[White "Pesotskiy, Mikhail"]
[Black "Kaasen, Tor Fredrik"]
[WhiteFideId "34164453"]
[BlackFideId "1516647"]
[WhiteElo "2010"]
[BlackElo "2335"]
[Result "0-1"]
[Round "03"]
[TimeControl "180+1"]
[Date "2022.05.25"]
[WhiteClock "0:00:11"]
[BlackClock "0:00:16"]

1. d4 Nf6 2. c4 c6 3. Nf3 d5 4. Nbd2 Bf5 5. Nh4 Be6 6. e3 g6 7. b3 Bg7 8. Bb2 O-O 9. Bd3 c5 10. O-O cxd4 11. exd4 Nc6 12. Nhf3 Rc8 13. Rc1 Qa5 14. a3 Bg4 15. h3 Bxf3 16. Nxf3 Qc7 17. Qe2 e6 18. Ne5 dxc4 19. bxc4 Nxe5 20. dxe5 Nd7 21. f4 Qb6+ 22. Kh2 Nc5 23. Rfd1 Nxd3 24. Rxd3 Rfd8 25. c5 Qc7 26. Rd6 Bf8 27. Qd3 Qa5 28. Qd4 Re8 29. g4 Qb5 30. Rc2 Qb3 31. Rd2 Qf3 32. Rf2 Qb3 33. Rd2 Qb5 34. Rc2 Rc7 35. f5 b6 36. c6 Rec8 37. fxe6 fxe6 38. Rxe6 Rxc6 39. Rexc6 Rxc6 40. Rxc6 Qxc6 41. e6 Bd6+ 42. Kg1 Bc5 0-1


[Site "https://www.chess.com"]

[Event "Titled Tuesday Blitz May 24 Late 2022"]
[White "Pranav, V"]
[Black "Maltsevskaya, Aleksandra"]
[WhiteFideId "25060783"]
[BlackFideId "24174041"]
[WhiteElo "2349"]
[BlackElo "2235"]
[Result "1-0"]
[Round "03"]
[TimeControl "180+1"]
[Date "2022.05.24"]
[WhiteClock "0:00:07"]
[BlackClock "0:00:09"]

1. Nf3 d5 2. g3 c6 3. Bg2 Bg4 4. d3 Nd7 5. O-O e5 6. Nbd2 Ngf6 7. h3 Bxf3 8. Nxf3 Bc5 9. Qe1 e4 10. dxe4 dxe4 11. Ng5 Qe7 12. h4 e3 13. f4 O-O 14. Bf3 Rad8 15. b3 Bb4 16. c3 Ba3 17. Bxa3 Qxa3 18. Qc1 Qxc1 19. Raxc1 Rfe8 20. Rfd1 h6 21. Nh3 Nc5 22. Kg2 Nfe4 23. Rxd8 Rxd8 24. Bxe4 Nxe4 25. Kf3 Nd6 26. Rd1 Kf8 27. Rd3 a5 28. c4 b6 29. g4 Ke7 30. Rxe3+ Kd7 31. Rd3 Kc7 32. Nf2 Re8 33. e4 f6 34. Rd4 a4 35. bxa4 Ra8 36. e5 fxe5 37. fxe5 Nf7 38. e6 Nd6 39. Ne4 Rf8+ 40. Ke3 Ne8 41. Rd7+ Kc8 42. c5 bxc5 43. a5 Rf1 44. a6 Re1+ 45. Kf3 Rf1+ 46. Ke2 Ra1 47. a7 Rxa2+ 48. Ke3 Nc7 49. Nd6# 1-0


[Site "https://www.chess.com"]

[Event "Titled Tuesday Blitz May 24 Late 2022"]
[White "Proudian, Armen"]
[Black "Quesada Perez, Yuniesky"]
[WhiteFideId "2130734"]
[BlackFideId "3504409"]
[WhiteElo "2380"]
[BlackElo "2622"]
[Result "0-1"]
[Round "03"]
[TimeControl "180+1"]
[Date "2022.05.24"]
[WhiteClock "0:00:21"]
[BlackClock "0:00:57"]

1. e4 c5 2. Nf3 e6 3. d4 cxd4 4. Nxd4 Nc6 5. Nc3 a6 6. Be3 Nf6 7. Qd2 Bb4 8. f3 d5 9. Nxc6 bxc6 10. a3 Be7 11. e5 Nd7 12. f4 c5 13. Ne2 Rb8 14. b3 O-O 15. Ng3 d4 16. Bf2 Bb7 17. Bd3 Bxg2 18. Rg1 Bf3 19. Be2 Bxe2 20. Qxe2 Qa5+ 21. Kf1 g6 22. f5 d3 23. Qxd3 Nxe5 24. Qe4 Bf6 25. Nh5 Bh8 26. f6 Qc3 27. Re1 Qh3+ 28. Rg2 Nf3 29. Nf4 Nd2+ 30. Kg1 Nxe4 31. Nxh3 Nxf6 32. Bxc5 Rfd8 33. Nf4 Rbc8 34. b4 Nd7 35. Be7 Re8 36. Bd6 Rc6 37. Rd1 Rec8 38. Rdd2 Bc3 39. Rd3 Be5 40. Bxe5 Nxe5 41. Rdd2 Nf3+ 42. Kf1 Nxd2+ 43. Rxd2 Rxc2 44. Rd7 Ra2 45. Nd3 Rcc2 46. Rd6 Ra1+ 47. Ne1 Rcc1 48. Rxa6 Rxe1+ 49. Kf2 Reb1 0-1


[Site "https://www.chess.com"]

[Event "Titled Tuesday Blitz May 24 Late 2022"]
[White "Rasulov, Vugar"]
[Black "Hamitevici, Vladimir"]
[WhiteFideId "13402390"]
[BlackFideId "13902393"]
[WhiteElo "2560"]
[BlackElo "2359"]
[Result "1/2-1/2"]
[Round "03"]
[TimeControl "180+1"]
[Date "2022.05.24"]
[WhiteClock "0:00:31"]
[BlackClock "0:00:24"]

1. e4 c6 2. Nc3 d5 3. Nf3 Bg4 4. h3 Bxf3 5. Qxf3 e6 6. g3 Nf6 7. Bg2 Bb4 8. e5 Nfd7 9. Qg4 Bf8 10. f4 g6 11. O-O Na6 12. d4 Qb6 13. Ne2 c5 14. c3 Nab8 15. Kh2 Nc6 16. Rd1 cxd4 17. cxd4 Rc8 18. h4 h5 19. Qf3 Ne7 20. Bh3 Nb8 21. b3 Nbc6 22. Ba3 Nf5 23. Bxf8 Kxf8 24. Bxf5 gxf5 25. Rac1 Kg7 26. Rc3 Kg6 27. Rdc1 Ne7 28. Rxc8 Rxc8 29. Rxc8 Nxc8 30. Qc3 Qa6 31. Nc1 Qf1 32. Qxc8 Qf2+ 33. Kh1 Qf1+ 34. Kh2 Qf2+ 35. Kh1 Qf1+ 36. Kh2 1/2-1/2


[Site "https://www.chess.com"]

[Event "Titled Tuesday Blitz May 24 Late 2022"]
[White "Redor, Menandro"]
[Black "Przybylski, Wojciech"]
[WhiteFideId "5222010"]
[BlackFideId "1117599"]
[WhiteElo "1986"]
[BlackElo "2133"]
[Result "0-1"]
[Round "03"]
[TimeControl "180+1"]
[Date "2022.05.25"]
[WhiteClock "0:00:03"]
[BlackClock "0:00:09"]

1. d4 Nf6 2. Bf4 c5 3. c3 cxd4 4. cxd4 Qb6 5. Qc2 Nc6 6. e3 Nb4 7. Qd2 d6 8. Nc3 Bf5 9. Rc1 Nbd5 10. Bb5+ Kd8 11. Be2 Nxf4 12. exf4 Rc8 13. Nf3 h6 14. O-O g6 15. Rfe1 Ne4 16. Nxe4 Bxe4 17. Qe3 Bd5 18. b3 a6 19. Bc4 Bxc4 20. bxc4 Rc7 21. c5 Qc6 22. cxd6 Qxd6 23. Ne5 Qd5 24. Rc5 Qe6 25. Rec1 Rxc5 26. Rxc5 Bg7 27. Qe4 Bxe5 28. Qxb7 Bd6 29. Qa8+ Kd7 30. Qc6+ Kd8 31. Qa8+ Kd7 32. Qc6+ Kd8 33. Qb6+ Ke8 34. Qc6+ Kf8 35. d5 Qe1# 0-1


[Site "https://www.chess.com"]

[Event "Titled Tuesday Blitz May 24 Late 2022"]
[White "Remolar Gallen, Jose"]
[Black "Onslow, Alfie"]
[WhiteFideId "2215187"]
[BlackFideId "436976"]
[WhiteElo "2205"]
[BlackElo "1885"]
[Result "1-0"]
[Round "03"]
[TimeControl "180+1"]
[Date "2022.05.25"]
[WhiteClock "0:00:05"]
[BlackClock "0:00:01"]

1. d4 Nf6 2. c4 c5 3. d5 b5 4. cxb5 a6 5. bxa6 g6 6. Nc3 Bg7 7. e4 O-O 8. e5 Ne8 9. Nf3 d6 10. Bf4 Qa5 11. Qd2 Nd7 12. exd6 Nxd6 13. Be2 Bxa6 14. O-O f5 15. Rfe1 Rfb8 16. Bxa6 Qxa6 17. Rxe7 Nc4 18. Qe1 Rxb2 19. Rxd7 Rc2 20. Rxg7+ Kxg7 21. Qe7+ Kg8 22. Bh6 Qa7 23. Qe6+ Qf7 24. Nb5 Qxe6 25. dxe6 Raxa2 26. Re1 Re2 27. Rxe2 Rxe2 28. Nc7 Nd6 29. Kf1 Re4 30. Ng5 Re5 31. f4 Re3 32. Kf2 Ra3 33. e7 Ra2+ 34. Kf3 Ra3+ 35. Ke2 Ra2+ 36. Kd3 c4+ 37. Kd4 Rd2+ 38. Kc5 c3 39. Nd5 c2 40. Kxd6 Re2 41. Nf6+ Kh8 42. Nf7# 1-0


[Site "https://www.chess.com"]

[Event "Titled Tuesday Blitz May 24 Late 2022"]
[White "Riehle, Marco"]
[Black "Nakamura, Hikaru"]
[WhiteFideId "12904392"]
[BlackFideId "2016192"]
[WhiteElo "2462"]
[BlackElo "2850"]
[Result "0-1"]
[Round "03"]
[TimeControl "180+1"]
[Date "2022.05.24"]
[WhiteClock "0:00:15"]
[BlackClock "0:00:56"]

1. e4 c6 2. c4 e5 3. d4 d6 4. Be3 Nf6 5. f3 exd4 6. Bxd4 d5 7. cxd5 cxd5 8. e5 Nh5 9. Bb5+ Nc6 10. Ne2 Bb4+ 11. Nbc3 O-O 12. Bxc6 bxc6 13. a3 Be7 14. O-O c5 15. Bf2 d4 16. Ne4 f5 17. exf6 Nxf6 18. Nxf6+ Bxf6 19. Ng3 c4 20. Ne4 d3 21. Nxf6+ Rxf6 22. Be1 Bb7 23. Bc3 Rg6 24. Qd2 h5 25. Rae1 h4 26. h3 Qd7 27. Kh1 Rf8 28. Re3 Qf5 29. Rf2 Rf7 30. b3 Ba6 31. bxc4 Bxc4 32. Re4 Ba6 33. Rxh4 Re7 34. Re4 Rxe4 35. fxe4 Qxe4 36. Qb2 Bb7 37. Qd2 Qc4 38. Kh2 Qc7+ 39. Kh1 Qg3 40. Kg1 Qxh3 41. Be5 Bxg2 42. Rxg2 Rxg2+ 43. Qxg2 Qxg2+ 44. Kxg2 d2 45. Bg3 d1=Q 46. a4 Qxa4 47. Bf2 a6 48. Kg1 Qb5 49. Kg2 Kf7 50. Kg1 g6 51. Kg2 Qd3 52. Kg1 Ke6 53. Kg2 Kf5 0-1


[Site "https://www.chess.com"]

[Event "Titled Tuesday Blitz May 24 Late 2022"]
[White "Rios Escobar, Adan"]
[Black "Galiana Fernandez, Adrian"]
[WhiteFideId "3403645"]
[BlackFideId "32010150"]
[WhiteElo "2462"]
[BlackElo "2133"]
[Result "0-1"]
[Round "03"]
[TimeControl "180+1"]
[Date "2022.05.25"]
[WhiteClock "0:00:11"]
[BlackClock "0:01:17"]

1. d4 d5 2. Nf3 Nf6 3. g3 Bf5 4. c4 e6 5. Nc3 Bb4 6. Qa4+ Nc6 7. Ne5 O-O 8. Nxc6 Bxc3+ 9. bxc3 Qd7 10. Ba3 Rfe8 11. Bg2 Qxc6 12. Qxc6 bxc6 13. O-O Rab8 14. Bc5 a6 15. Ba3 Ne4 16. Bxe4 Bxe4 17. f3 Bg6 18. Rfe1 e5 19. Kf2 e4 20. f4 e3+ 21. Kf3 h5 22. cxd5 cxd5 23. Bc1 Re6 24. Bxe3 Be4+ 25. Kf2 Rb2 26. Rec1 Bd3 27. Re1 g6 28. Kf3 Be4+ 29. Kf2 Bd3 30. Rad1 Bc4 31. Rd2 Rxd2 32. Bxd2 Bxa2 33. Ra1 Bc4 34. Ra5 Rxe2+ 35. Kf3 Rxd2 36. h3 Rd3+ 37. Kf2 Rxc3 38. f5 gxf5 39. Rc5 Rd3 40. Rxc7 Rxd4 41. Ke3 Re4+ 42. Kf3 Kg7 43. g4 hxg4+ 44. hxg4 Rxg4 45. Ke3 Re4+ 46. Kf3 Kf6 47. Kg3 f4+ 48. Kf3 Be2+ 49. Kf2 Ke5 50. Rxf7 Kd4 51. Rb7 Bc4 52. Rc7 Re3 53. Rf7 Re4 54. Rf6 a5 55. Rf8 a4 56. Ra8 Bb3 57. Rb8 Kc3 58. Rc8+ Kb2 59. Ra8 a3 60. Rh8 a2 61. Ra8 a1=Q 62. Rxa1 Kxa1 63. Kf3 Ka2 64. Kg4 Kb2 65. Kf3 Kc3 66. Kg4 Kd4 67. Kf3 Ke5 68. Kf2 Re3 69. Kg1 f3 70. Kf1 Kf4 71. Kf2 Re2+ 72. Kf1 Kg3 73. Kg1 Re1# 0-1


[Site "https://www.chess.com"]

[Event "Titled Tuesday Blitz May 24 Late 2022"]
[White "Roman, Rodrigo"]
[Black "Melikyan, Gnel"]
[WhiteFideId "3701220"]
[BlackFideId "54109990"]
[WhiteElo "2001"]
[BlackElo "1772"]
[Result "0-1"]
[Round "03"]
[TimeControl "180+1"]
[Date "2022.05.25"]
[WhiteClock "0:00:03"]
[BlackClock "0:00:15"]

1. e4 c5 2. Nf3 Nc6 3. Nc3 g6 4. Bb5 Bg7 5. O-O Nf6 6. d3 O-O 7. Bxc6 bxc6 8. Be3 d6 9. e5 Nd5 10. exd6 Nxe3 11. dxe7 Qxe7 12. fxe3 Qxe3+ 13. Kh1 c4 14. Re1 Qb6 15. Rb1 cxd3 16. Qxd3 Bf5 17. Ne4 Rad8 18. Qc4 Be6 19. Qa4 Rfe8 20. Neg5 Bd5 21. Qh4 h6 22. Ne4 Bxa2 23. Rbd1 Rxd1 24. Rxd1 Qxb2 25. Neg5 hxg5 26. Nxg5 Bd5 27. Rf1 Qxc2 28. Qh7+ Kf8 29. Qh3 Qxg2+ 30. Qxg2 Bxg2+ 31. Kxg2 Re2+ 32. Kh3 f5 33. Rb1 Be5 34. Nf3 Bf4 35. Rb7 Rf2 36. Rb3 Kg7 37. Kh4 Kh6 38. Rd3 g5+ 39. Nxg5 Bxg5+ 40. Kh3 Kh5 0-1


[Site "https://www.chess.com"]

[Event "Titled Tuesday Blitz May 24 Late 2022"]
[White "Romero Ruscalleda, Josep"]
[Black "Petre, Nad-Titus"]
[WhiteFideId "2231859"]
[BlackFideId "1204165"]
[WhiteElo "2325"]
[BlackElo "2354"]
[Result "0-1"]
[Round "03"]
[TimeControl "180+1"]
[Date "2022.05.25"]
[WhiteClock "0:00:12"]
[BlackClock "0:00:54"]

1. e4 c5 2. c3 Nf6 3. e5 Nd5 4. Nf3 d6 5. Bc4 Nb6 6. Bb3 Nc6 7. exd6 Qxd6 8. O-O Be6 9. Na3 a6 10. Re1 Bxb3 11. Qxb3 Na5 12. Qc2 Rc8 13. Qe4 Nc6 14. d3 e6 15. Bf4 Qd5 16. Qxd5 Nxd5 17. Bg3 Be7 18. Rad1 O-O 19. Nc4 Rfd8 20. Nce5 f6 21. Nxc6 Rxc6 22. d4 c4 23. Nd2 Kf7 24. h4 h5 25. Re2 b5 26. Rde1 Rd7 27. a3 Rb7 28. Rc1 a5 29. Ree1 Bf8 30. f3 g6 31. Kf2 Bh6 32. Rc2 Bxd2 33. Rxd2 b4 34. axb4 axb4 35. cxb4 Rxb4 36. Rc1 Nb6 37. Rdc2 Na4 38. Bf4 Rxb2 39. Rxb2 Nxb2 40. Bd2 Nd3+ 0-1


[Site "https://www.chess.com"]

[Event "Titled Tuesday Blitz May 24 Late 2022"]
[White "Ronka, Erik"]
[Black "Rychagov, Andrey"]
[WhiteFideId "505080"]
[BlackFideId "4119932"]
[WhiteElo "2264"]
[BlackElo "2500"]
[Result "0-1"]
[Round "03"]
[TimeControl "180+1"]
[Date "2022.05.25"]
[WhiteClock "0:00:08"]
[BlackClock "0:00:09"]

1. e4 c5 2. Nf3 e6 3. d4 cxd4 4. Nxd4 a6 5. Nc3 b5 6. Bd3 Qb6 7. Be3 Bc5 8. Be2 Nc6 9. Nxc6 dxc6 10. Bxc5 Qxc5 11. Qd3 Nf6 12. f4 e5 13. O-O-O O-O 14. f5 Qe7 15. g4 Nd7 16. h4 Nc5 17. Qd6 Qxd6 18. Rxd6 b4 19. Rxc6 bxc3 20. Rxc5 cxb2+ 21. Kxb2 Bb7 22. Rxe5 Rfe8 23. Rxe8+ Rxe8 24. Bd3 Bxe4 25. Re1 Rb8+ 26. Kc3 Bd5 27. a3 a5 28. Re5 Rd8 29. Bc4 Bxc4 30. Kxc4 h5 31. g5 Rd2 32. c3 Rh2 33. Re4 Rf2 34. Re5 Rf4+ 35. Kb5 Rxh4 36. c4 Rh1 37. c5 Rb1+ 38. Ka6 Rc1 39. Kb6 Rb1+ 40. Kc7 h4 41. c6 h3 42. Re4 h2 43. Rh4 h1=Q 44. Rxh1 Rxh1 45. Kd8 Rd1+ 46. Kc8 Kf8 47. c7 Ke7 48. Kb8 Rb1+ 0-1


[Site "https://www.chess.com"]

[Event "Titled Tuesday Blitz May 24 Late 2022"]
[White "Rostovtsev, Dmitry"]
[Black "Grischuk, Alexander"]
[WhiteFideId "34278320"]
[BlackFideId "4126025"]
[WhiteElo "2274"]
[BlackElo "2762"]
[Result "0-1"]
[Round "03"]
[TimeControl "180+1"]
[Date "2022.05.24"]
[WhiteClock "0:00:21"]
[BlackClock "0:01:35"]

1. c4 e5 2. Nc3 d6 3. Nf3 f5 4. d3 Nf6 5. g3 a5 6. Bg2 Be7 7. O-O O-O 8. e3 Qe8 9. d4 e4 10. Nd2 c6 11. b3 Na6 12. a3 d5 13. Bb2 Be6 14. Rc1 Bd6 15. Qe2 Nc7 16. c5 Be7 17. b4 Bf7 18. Nb3 Bh5 19. Qd2 axb4 20. axb4 Ne6 21. Na5 Ng5 22. Nxb7 Nf3+ 23. Bxf3 Bxf3 24. Ne2 g5 25. g4 Nxg4 26. h3 Qh5 0-1


[Site "https://www.chess.com"]

[Event "Titled Tuesday Blitz May 24 Late 2022"]
[White "Sailer, Mike"]
[Black "Lopez Gracia, Fernando"]
[WhiteFideId "2012901"]
[BlackFideId "2207184"]
[WhiteElo "2109"]
[BlackElo "2405"]
[Result "0-1"]
[Round "03"]
[TimeControl "180+1"]
[Date "2022.05.25"]
[WhiteClock "0:00:03"]
[BlackClock "0:01:22"]

1. d4 Nf6 2. Nf3 e6 3. Bf4 c5 4. e3 b6 5. Bd3 Bb7 6. O-O Be7 7. h3 O-O 8. c3 d6 9. Nbd2 cxd4 10. exd4 Nbd7 11. a4 Re8 12. a5 a6 13. axb6 Qxb6 14. Nc4 Qc7 15. Na5 Bf8 16. Nxb7 Qxb7 17. Qc2 e5 18. dxe5 dxe5 19. Bg5 e4 20. Bxa6 Rxa6 21. Rxa6 Qxa6 22. Nd4 h6 23. Bh4 Bd6 24. Nf5 Bb8 25. c4 Qe6 26. Ne3 g5 27. Bg3 Ne5 28. Rd1 Nd3 29. b3 Bxg3 30. fxg3 Qb6 31. Qe2 Nc5 32. Kh2 Qe6 33. Rf1 Kh7 34. Nf5 Ng8 35. b4 Nd3 36. b5 Ne7 37. g4 Nxf5 38. gxf5 Qe5+ 39. Kh1 Nf4 40. Qg4 f6 41. h4 h5 42. Qd1 Qb2 43. Qd7+ Kh6 44. hxg5+ fxg5 45. Rxf4 Qc1+ 46. Kh2 Qxf4+ 47. Kh1 Qe5 48. Qc6+ Kg7 49. Qd7+ Re7 50. Qc8 e3 51. f6+ Qxf6 0-1


[Site "https://www.chess.com"]

[Event "Titled Tuesday Blitz May 24 Late 2022"]
[White "Sanchez, Robert"]
[Black "Francisco Guecamburu, Candela Be"]
[WhiteFideId "2034360"]
[BlackFideId "160911"]
[WhiteElo "2265"]
[BlackElo "1847"]
[Result "1-0"]
[Round "03"]
[TimeControl "180+1"]
[Date "2022.05.25"]
[WhiteClock "0:00:09"]
[BlackClock "0:00:57"]

1. e4 c5 2. Nf3 g6 3. d4 cxd4 4. Nxd4 Bg7 5. Nc3 Nc6 6. Be3 Nf6 7. Bc4 O-O 8. Bb3 a5 9. a4 Ng4 10. Qxg4 Nxd4 11. Qd1 Nxb3 12. cxb3 d6 13. O-O Be6 14. f4 Rc8 15. f5 Bd7 16. Nd5 Bc6 17. Bb6 Qd7 18. f6 exf6 19. Nxf6+ Bxf6 20. Rxf6 Bxe4 21. Rxd6 Qf5 22. Qf1 Qe5 23. Rad1 Rc2 24. R6d2 Rc6 25. Bd4 Qg5 26. Bc3 h5 27. Qf2 h4 28. h3 Bf5 29. Qd4 f6 30. Qd5+ Kh8 31. Re2 Qg3 32. Kh1 Rfc8 33. Qf7 Rxc3 34. bxc3 Qxc3 35. Re7 1-0


[Site "https://www.chess.com"]

[Event "Titled Tuesday Blitz May 24 Late 2022"]
[White "Santos Ruiz, Miguel"]
[Black "Sargsyan, Anna M."]
[WhiteFideId "22291482"]
[BlackFideId "13308130"]
[WhiteElo "2486"]
[BlackElo "2271"]
[Result "1-0"]
[Round "03"]
[TimeControl "180+1"]
[Date "2022.05.24"]
[WhiteClock "0:00:19"]
[BlackClock "0:00:19"]

1. d4 d5 2. Nf3 Nf6 3. Bf4 c5 4. e3 Nc6 5. Nbd2 Bg4 6. h3 Bh5 7. c3 e6 8. Qb3 Qb6 9. g4 Bg6 10. Nh4 c4 11. Qxb6 axb6 12. Nxg6 hxg6 13. g5 Nh5 14. Bh2 b5 15. e4 b4 16. exd5 exd5 17. Bg2 bxc3 18. bxc3 Ra5 19. O-O Kd7 20. Rab1 Kc8 21. Rb6 Be7 22. Nxc4 dxc4 23. Bxc6 bxc6 24. Rb8+ Kd7 25. Rxh8 Bxg5 26. Rb1 Rxa2 27. Rb7+ Ke6 28. Re8+ Kf6 29. Be5+ Kf5 30. Rxf7+ Bf6 31. Bh2 g5 32. Rc7 Rc2 33. Rxc6 Rxc3 34. d5 Rc1+ 35. Kg2 c3 36. d6 Nf4+ 37. Bxf4 gxf4 38. d7 c2 39. Rxf6+ gxf6 40. d8=Q Rg1+ 41. Kxg1 c1=Q+ 42. Kh2 f3 43. Qc8+ 1-0


[Site "https://www.chess.com"]

[Event "Titled Tuesday Blitz May 24 Late 2022"]
[White "Sarkar, Justin"]
[Black "Krishnan, Varun"]
[WhiteFideId "2010011"]
[BlackFideId "5054508"]
[WhiteElo "2020"]
[BlackElo "2548"]
[Result "1-0"]
[Round "03"]
[TimeControl "180+1"]
[Date "2022.05.25"]
[WhiteClock "0:00:09"]
[BlackClock "0:00:14"]

1. e4 c5 2. Nf3 Nc6 3. Nc3 e6 4. d4 cxd4 5. Nxd4 Qc7 6. Be3 Nf6 7. f4 Bb4 8. e5 Nd5 9. Nb5 Qa5 10. Bd2 a6 11. Nxd5 exd5 12. Nd6+ Kf8 13. a3 Bxd2+ 14. Qxd2 Qxd2+ 15. Kxd2 g6 16. g3 Ke7 17. Bg2 f6 18. Rae1 d4 19. Nc4 Rb8 20. exf6+ Kxf6 21. Nd6 Ne7 22. g4 Nc6 23. g5+ Kg7 24. Bxc6 dxc6 25. Re7+ Kf8 26. Rhe1 Bf5 27. Rf7+ Kg8 28. Ree7 Be6 29. Rxe6 Rf8 30. Rxf8+ Kxf8 31. Re8+ Kg7 32. Rxh8 Kxh8 33. Nxb7 Kg7 34. Kd3 h5 35. h4 Kf7 36. Kxd4 Ke6 37. Nc5+ Kf5 38. Ke3 Kg4 39. Nd7 Kxh4 40. Ne5 Kg3 41. Nxg6 h4 42. Nxh4 Kxh4 43. g6 Kg4 44. g7 Kf5 45. g8=Q c5 46. Qd5+ Kg4 47. Qxc5 Kg3 48. Qg5+ Kh3 49. Kf2 Kh2 50. Qh5# 1-0


[Site "https://www.chess.com"]

[Event "Titled Tuesday Blitz May 24 Late 2022"]
[White "Senthilkumar, Pranav"]
[Black "Levine, David"]
[WhiteFideId "2083477"]
[BlackFideId "2011611"]
[WhiteElo "2412"]
[BlackElo "2102"]
[Result "1-0"]
[Round "03"]
[TimeControl "180+1"]
[Date "2022.05.25"]
[WhiteClock "0:02:16"]
[BlackClock "0:00:01"]

1. Nf3 Nf6 2. g3 g6 3. Bg2 Bg7 4. O-O O-O 5. d4 d6 6. c3 Nbd7 7. Nbd2 e5 8. Re1 e4 9. Ng5 d5 10. f3 h6 11. Nh3 Re8 12. fxe4 dxe4 13. e3 Nf8 14. Nf2 Bf5 15. g4 Bd7 16. Ndxe4 Nxe4 17. Nxe4 Qh4 18. Nf2 Nh7 19. e4 c5 20. Bf4 cxd4 21. cxd4 Rad8 22. Bg3 Qf6 23. e5 Qb6 24. Kh1 Qxb2 25. Rb1 Qxa2 26. Rxb7 Bc8 27. Rc7 Ng5 28. h4 Ne6 29. Rc2 Qa4 30. d5 Nd4 31. Rd2 Qxd1 32. Rdxd1 Nc2 33. Re2 Nb4 34. d6 Be6 35. Rb2 a5 36. Ne4 Nd5 37. Nc5 Ne3 38. Rdd2 1-0


[Site "https://www.chess.com"]

[Event "Titled Tuesday Blitz May 24 Late 2022"]
[White "Shapiro, Daniel"]
[Black "Harris, Ian"]
[WhiteFideId "2001780"]
[BlackFideId "2020092"]
[WhiteElo "2258"]
[BlackElo "2431"]
[Result "1-0"]
[Round "03"]
[TimeControl "180+1"]
[Date "2022.05.25"]
[WhiteClock "0:00:10"]
[BlackClock "0:00:43"]

1. d4 d5 2. c4 e6 3. Nf3 Nf6 4. g3 Bb4+ 5. Nbd2 O-O 6. Qc2 c6 7. Bg2 b6 8. O-O Bb7 9. Rd1 Nbd7 10. b3 Rc8 11. e4 Bxd2 12. Nxd2 dxe4 13. Nxe4 Qe7 14. a4 Rfd8 15. Ba3 c5 16. Nxf6+ Nxf6 17. Bxb7 Qxb7 18. dxc5 Rxd1+ 19. Rxd1 bxc5 20. Bxc5 h6 21. Bd4 Rb8 22. Rb1 a6 23. b4 Nd7 24. b5 axb5 25. axb5 e5 26. Be3 Rc8 27. c5 Nb6 28. Qf5 Nc4 29. c6 Qb8 30. Bc5 g6 31. Qf6 Nb6 32. Rd1 e4 33. Bd4 Kf8 34. Be5 Qa7 35. Bd6+ Kg8 36. Bc5 Qc7 37. Bd4 Kf8 38. Qg7+ Ke7 39. Qxh6 Nd5 40. Bc5+ Ke6 41. Qh3+ f5 42. Qh6 Qf7 43. Qd2 Rd8 44. b6 Qe8 45. c7 Rd7 46. Qg5 Nxb6 47. Rxd7 Nxd7 48. Qd8 1-0


[Site "https://www.chess.com"]

[Event "Titled Tuesday Blitz May 24 Late 2022"]
[White "Shimanov, Aleksandr"]
[Black "Hasangatin, Ramil"]
[WhiteFideId "4198603"]
[BlackFideId "4122160"]
[WhiteElo "2605"]
[BlackElo "2399"]
[Result "1-0"]
[Round "03"]
[TimeControl "180+1"]
[Date "2022.05.24"]
[WhiteClock "0:00:55"]
[BlackClock "0:00:18"]

1. b3 e5 2. Bb2 d6 3. e3 Nf6 4. d4 Nbd7 5. Nf3 Qe7 6. c4 g6 7. Nc3 Bg7 8. g3 O-O 9. Bg2 exd4 10. Nxd4 Ne5 11. h3 c6 12. O-O h5 13. Re1 Re8 14. f4 Ned7 15. e4 a5 16. Qd2 Nc5 17. Nf3 Nfxe4 18. Nxe4 Nxe4 19. Rxe4 Qxe4 20. Bxg7 Qe3+ 21. Qxe3 Rxe3 22. Bd4 Rd3 23. Kf2 Bf5 24. Bf1 a4 25. Bxd3 Bxd3 26. g4 hxg4 27. hxg4 1-0


[Site "https://www.chess.com"]

[Event "Titled Tuesday Blitz May 24 Late 2022"]
[White "Shirov, Alexei"]
[Black "Araujo Sanchez, Josue"]
[WhiteFideId "2209390"]
[BlackFideId "6416896"]
[WhiteElo "2678"]
[BlackElo "2339"]
[Result "1-0"]
[Round "03"]
[TimeControl "180+1"]
[Date "2022.05.25"]
[WhiteClock "0:01:49"]
[BlackClock "0:00:57"]

1. e4 c5 2. Nc3 d6 3. d4 cxd4 4. Qxd4 Nc6 5. Qd2 g6 6. b3 Bh6 7. f4 e5 8. Nge2 Nf6 9. Ba3 Bg4 10. Qxd6 Bxe2 11. Bxe2 Qxd6 12. Bxd6 O-O-O 13. Rd1 Bxf4 14. g3 Be3 15. Rf1 Ne8 16. Nb5 a6 17. Rxf7 h5 18. Bc4 1-0


[Site "https://www.chess.com"]

[Event "Titled Tuesday Blitz May 24 Late 2022"]
[White "Shuvalova, Polina"]
[Black "Roux, Baptiste"]
[WhiteFideId "24171760"]
[BlackFideId "36017450"]
[WhiteElo "2355"]
[BlackElo "1935"]
[Result "1-0"]
[Round "03"]
[TimeControl "180+1"]
[Date "2022.05.25"]
[WhiteClock "0:00:53"]
[BlackClock "0:00:05"]

1. e4 e5 2. Nf3 Nc6 3. Bc4 g6 4. c3 Bg7 5. d4 exd4 6. cxd4 Nge7 7. Nc3 O-O 8. O-O Na5 9. Be2 d5 10. exd5 Nxd5 11. Bg5 Qd6 12. Rc1 Nxc3 13. bxc3 Be6 14. c4 h6 15. Be3 Rad8 16. h3 b6 17. Qd2 Kh7 18. Rfd1 Qa3 19. Rc3 Qa4 20. Rdc1 c5 21. d5 Bf5 22. Bf4 Rfe8 23. Re3 Be4 24. Bf1 Nc6 25. Qe1 Nd4 26. Rxe4 Nxf3+ 27. gxf3 f5 28. Re6 Rxe6 29. dxe6 g5 30. e7 Re8 31. Bd6 Bf6 32. Qe6 Kg6 33. Bd3 Qa3 34. Qxf5+ Kf7 35. Re1 Rg8 36. e8=Q+ 1-0


[Site "https://www.chess.com"]

[Event "Titled Tuesday Blitz May 24 Late 2022"]
[White "Silva, Pedro Gil Ferreira Da"]
[Black "Nozdrachev, Leonid"]
[WhiteFideId "1946102"]
[BlackFideId "24113433"]
[WhiteElo "1863"]
[BlackElo "2255"]
[Result "1-0"]
[Round "03"]
[TimeControl "180+1"]
[Date "2022.05.25"]
[WhiteClock "0:00:27"]
[BlackClock "0:00:01"]

1. e4 d5 2. exd5 Qxd5 3. Nc3 Qe5+ 4. Qe2 Qxe2+ 5. Bxe2 Nf6 6. Bf3 c6 7. Nge2 Bg4 8. d4 Bxf3 9. gxf3 Na6 10. Bg5 O-O-O 11. O-O-O Nd5 12. Ne4 h6 13. Bd2 e6 14. Rhg1 Nac7 15. c4 Ne7 16. Bc3 Nf5 17. Nf4 Rh7 18. Nh5 Ne8 19. Kc2 Be7 20. a4 g6 21. Nf4 Ned6 22. b3 Bh4 23. Rd2 Kc7 24. c5 Ne8 25. Nd3 Nxd4+ 26. Bxd4 Rxd4 27. Rg4 Be7 28. Nd6 Rxg4 29. Nxe8+ Kd8 30. fxg4 Kxe8 31. b4 h5 32. h3 hxg4 33. hxg4 Rh1 34. b5 Rg1 35. f3 Rf1 36. bxc6 bxc6 37. Ne5 Bxc5 38. Nxc6 Kf8 39. Rd3 Kg7 40. Ne5 f5 41. g5 Rg1 42. Rd7+ Kg8 43. f4 Be3 44. Nxg6 e5 45. Ne7+ Kf8 46. Ng6+ Ke8 47. Re7+ Kd8 48. Rxe5 Bb6 49. Rxf5 Rg3 50. a5 Bf2 51. Ne5 Be1 52. Nd3 1-0


[Site "https://www.chess.com"]